[Event "1st Lasker Memorial GM 2019"]
[Site "Anogia"]
[Date "2019.09.11"]
[Round "1.1"]
[White "Alexakis, Dimitrios"]
[Black "Avramidou, Anastasia"]
[Result "1-0"]
[ECO "B32"]
[WhiteElo "2077"]
[BlackElo "2249"]
[Annotator "NA"]
[PlyCount "81"]
[EventDate "2019.09.11"]
[EventType "tourn"]
[EventCountry "GRE"]
[SourceTitle "playchess.com"]
[Source "ChessBase"]
[SourceQuality "1"]
[TimeControl "40/5400+30:1800+30"]

1. e4 c5 2. Nf3 Nc6 3. d4 cxd4 4. Nxd4 e5 5. Nb5 d6 6. c4 a6 7. N5c3 g6 8. Be3 Be6 9. Na3 Bg7 10. Nc2 Nf6 11. Be2 O-O 12. O-O Rc8 13. f3 Nh5 14. Qd2 Nf4 15. Rfd1 Qg5 16. Bf1 Na5 17. b3 b5 18. Kh1 bxc4 19. b4 Nc6 20. g3 Qh5 21. gxf4 exf4 22. Bd4 Qxf3+ 23. Bg2 Qg4 24. Bxg7 Kxg7 25. Rf1 g5 26. Nd4 Ne5 27. Rg1 Kh8 28. Raf1 Rg8 29. Nf5 Bxf5 30. Qxd6 Rce8 31. Qf6+ Rg7 32. exf5 Nd7 33. Qd4 Qxf5 34. Be4 Qe6 35. Rxg5 Qf6 36. Qxd7 Rd8 37. Rf5 Qh4 38. Rh5 Qf6 39. Qf5 Qxc3 40. Rxh7+ Kg8 41. Rxg7+ 1-0

[Event "1st Lasker Memorial GM 2019"]
[Site "Anogia"]
[Date "2019.09.11"]
[Round "1.2"]
[White "Nikolaidis, Ioannis"]
[Black "Alexakis, Georgios"]
[Result "1-0"]
[ECO "A25"]
[WhiteElo "2530"]
[BlackElo "2175"]
[Annotator "ChessBase"]
[PlyCount "79"]
[EventDate "2019.09.11"]
[EventType "tourn"]
[EventCountry "GRE"]
[SourceTitle "playchess.com"]
[Source "ChessBase"]
[SourceQuality "1"]
[TimeControl "40/5400+30:1800+30"]

1. c4 e5 2. Nc3 Nc6 3. g3 f5 4. e3 Nf6 5. d4 Bb4 6. Nge2 O-O 7. Bg2 d6 8. O-O Bxc3 9. Nxc3 Kh8 10. d5 Ne7 11. f4 e4 12. b3 a5 13. Qd2 h5 14. Bb2 h4 15. Nb5 Bd7 16. Nd4 Qe8 17. gxh4 Qh5 18. Qf2 Ng6 19. Qg3 Nxh4 20. h3 Qh6 21. Rf2 Rf7 22. Kh1 Rg8 23. Qg5 Kh7 24. Rg1 Re8 25. Bf1 c5 26. dxc6 bxc6 27. Be2 c5 28. Qxh6+ gxh6 29. Nb5 Bxb5 30. cxb5 d5 31. Rc1 d4 32. Rxc5 dxe3 33. Rf1 Rd8 34. b6 Nd5 35. Rd1 Nxf4 36. Rc7 Rdf8 37. Rdd7 Kg6 38. Rxf7 Nxe2 39. Rxf8 Ng3+ 40. Kh2 1-0

[Event "1st Lasker Memorial GM 2019"]
[Site "Anogia"]
[Date "2019.09.11"]
[Round "1.5"]
[White "Hristodoulou, Panagiotis"]
[Black "Delchev, Aleksander"]
[Result "1/2-1/2"]
[ECO "B01"]
[WhiteElo "2280"]
[BlackElo "2568"]
[Annotator "ChessBase"]
[PlyCount "77"]
[EventDate "2019.09.11"]
[EventType "tourn"]
[EventCountry "GRE"]
[SourceTitle "playchess.com"]
[Source "ChessBase"]
[SourceQuality "1"]
[TimeControl "40/5400+30:1800+30"]

1. e4 d5 2. exd5 Qxd5 3. Nc3 Qd6 4. d4 Nf6 5. Nf3 g6 6. Nb5 Qd8 7. Bf4 Na6 8. c4 Bg7 9. Be2 O-O 10. O-O c6 11. Nc3 Nc7 12. h3 Ne6 13. Be3 Qc7 14. Qd2 Rd8 15. Rfd1 b6 16. Rac1 Bb7 17. g3 Rac8 18. Qe1 Qb8 19. b4 Ne8 20. a4 Rd7 21. Rd3 Rcd8 22. Rcd1 Ba6 23. b5 cxb5 24. axb5 Bb7 25. d5 Nc5 26. Bxc5 bxc5 27. Ne4 Rc7 28. Bf1 Nd6 29. Nxd6 exd6 30. Re3 Bc8 31. Re8+ Rxe8 32. Qxe8+ Bf8 33. Re1 Qb7 34. Ng5 Re7 35. Rxe7 Qxe7 36. Qxc8 Qxg5 37. Qc7 Qe7 38. Qxe7 Bxe7 39. f4 1/2-1/2

[Event "1st Lasker Memorial GM 2019"]
[Site "Anogia"]
[Date "2019.09.12"]
[Round "2.1"]
[White "Avramidou, Anastasia"]
[Black "Delchev, Aleksander"]
[Result "1/2-1/2"]
[ECO "D90"]
[WhiteElo "2249"]
[BlackElo "2568"]
[Annotator "ChessBase"]
[PlyCount "57"]
[EventDate "2019.09.11"]
[EventType "tourn"]
[EventCountry "GRE"]
[SourceTitle "playchess.com"]
[Source "ChessBase"]
[SourceQuality "1"]
[TimeControl "40/5400+30:1800+30"]

1. d4 Nf6 2. Nf3 g6 3. c4 Bg7 4. Nc3 d5 5. h4 c6 6. cxd5 cxd5 7. Bf4 Nc6 8. e3 O-O 9. Qb3 Na5 10. Qa3 a6 11. Ne5 Nh5 12. Bh2 f6 13. Nd3 e5 14. Be2 Re8 15. O-O exd4 16. exd4 Nc6 17. Bxh5 gxh5 18. Nf4 Bf8 19. Qb3 Nxd4 20. Qxd5+ Be6 21. Nxe6 Rxe6 22. Qxh5 f5 23. Rad1 Bg7 24. Bf4 Qe8 25. Qxe8+ Raxe8 26. Be3 Nc2 27. Rd7 Nxe3 28. fxe3 Rxe3 29. Rxf5 1/2-1/2

[Event "1st Lasker Memorial GM 2019"]
[Site "Anogia"]
[Date "2019.09.12"]
[Round "2.2"]
[White "Bronstein, Or"]
[Black "Hristodoulou, Panagiotis"]
[Result "1/2-1/2"]
[ECO "D26"]
[WhiteElo "2404"]
[BlackElo "2280"]
[Annotator "NA"]
[PlyCount "80"]
[EventDate "2019.09.11"]
[EventType "tourn"]
[EventCountry "GRE"]
[SourceTitle "playchess.com"]
[Source "ChessBase"]
[SourceQuality "1"]
[TimeControl "40/5400+30:1800+30"]

1. d4 d5 2. c4 e6 3. Nf3 a6 4. Nc3 dxc4 5. e3 Nf6 6. a4 c5 7. Bxc4 Nc6 8. O-O cxd4 9. exd4 Be7 10. Re1 O-O 11. Bf4 Nb4 12. Qe2 b6 13. Rad1 Bb7 14. Ne5 Nbd5 15. Bc1 Re8 16. Rd3 Nxc3 17. bxc3 Bd5 18. Bxd5 Qxd5 19. c4 Qb7 20. Rg3 Rad8 21. Bh6 Bf8 22. Qe3 Nh5 23. Rh3 f6 24. Ng4 Qf7 25. Qf3 gxh6 26. Rxh5 f5 27. Ne5 Qf6 28. Qc6 Bb4 29. Re3 Bc5 30. Rg3+ Kf8 31. Nd7+ Rxd7 32. Qxd7 Bxd4 33. Rg8+ Kxg8 34. Qxe8+ Kg7 35. Qd7+ Kf8 36. Rh3 Qe5 37. Qc8+ Kf7 38. Qb7+ Kf8 39. Qc8+ Kf7 40. Qb7+ Kf8 1/2-1/2

[Event "1st Lasker Memorial GM 2019"]
[Site "Anogia"]
[Date "2019.09.12"]
[Round "2.3"]
[White "Colijn, Stefan"]
[Black "Beerdsen, Thomas"]
[Result "1/2-1/2"]
[ECO "A80"]
[WhiteElo "2329"]
[BlackElo "2482"]
[Annotator "ChessBase"]
[PlyCount "68"]
[EventDate "2019.09.11"]
[EventType "tourn"]
[EventCountry "GRE"]
[SourceTitle "playchess.com"]
[Source "ChessBase"]
[SourceQuality "1"]
[TimeControl "40/5400+30:1800+30"]

1. d4 f5 2. Bg5 h6 3. Bh4 g5 4. e4 Nf6 5. e5 e6 6. exf6 Qxf6 7. Bg3 f4 8. Be2 d5 9. Bh5+ Kd8 10. Nf3 Nc6 11. O-O Bg7 12. c3 a5 13. h3 fxg3 14. fxg3 Rf8 15. Nbd2 Qe7 16. Qc2 Bd7 17. Rae1 Kc8 18. Kh2 Kb8 19. Nb3 b6 20. Nc1 Kb7 21. Nd3 Qd6 22. Rf2 Be8 23. Bxe8 Raxe8 24. Rfe2 Rf5 25. Nfe5 Nxe5 26. Nxe5 h5 27. Qa4 Ref8 28. Qb5 h4 29. Qd3 Rf1 30. Rxf1 Rxf1 31. Qe3 Qf8 32. Ng4 Qd6 33. Ne5 Qf8 34. Ng4 Qd6 1/2-1/2

[Event "1st Lasker Memorial GM 2019"]
[Site "Anogia"]
[Date "2019.09.12"]
[Round "2.4"]
[White "Alexakis, Georgios"]
[Black "Rozentalis, Eduardas"]
[Result "1-0"]
[ECO "D00"]
[WhiteElo "2175"]
[BlackElo "2533"]
[Annotator "ChessBase"]
[PlyCount "75"]
[EventDate "2019.09.11"]
[EventType "tourn"]
[EventCountry "GRE"]
[SourceTitle "playchess.com"]
[Source "ChessBase"]
[SourceQuality "1"]
[TimeControl "40/5400+30:1800+30"]

1. d4 d5 2. Bf4 Bg4 3. h3 Bh5 4. Nd2 e6 5. g4 Bg6 6. Ngf3 Bd6 7. Ne5 Nd7 8. Nxg6 hxg6 9. Bxd6 cxd6 10. e3 Ne7 11. Bg2 Qb6 12. Rb1 Rc8 13. O-O O-O 14. c3 Qc7 15. Qb3 Nb6 16. Rbc1 Rfe8 17. a4 Qd7 18. a5 Nc4 19. Nxc4 Rxc4 20. e4 Qc6 21. Rfe1 dxe4 22. Bf1 d5 23. Bxc4 dxc4 24. Qc2 f5 25. b3 Nd5 26. Qd2 Rf8 27. bxc4 Qxc4 28. g5 Rc8 29. Rc2 b6 30. axb6 axb6 31. Qe2 Nb4 32. Qxc4 Rxc4 33. Rd2 Rxc3 34. h4 Kh7 35. Re3 Nd3 36. f3 Rc1+ 37. Kh2 Re1 38. Rdxd3 1-0

[Event "1st Lasker Memorial GM 2019"]
[Site "Anogia"]
[Date "2019.09.12"]
[Round "2.5"]
[White "Alexakis, Dimitrios"]
[Black "Nikolaidis, Ioannis"]
[Result "1/2-1/2"]
[ECO "C90"]
[WhiteElo "2077"]
[BlackElo "2530"]
[Annotator "ChessBase"]
[PlyCount "32"]
[EventDate "2019.09.11"]
[EventType "tourn"]
[EventCountry "GRE"]
[SourceTitle "playchess.com"]
[Source "ChessBase"]
[SourceQuality "1"]
[TimeControl "40/5400+30:1800+30"]

1. e4 e5 2. Nf3 Nc6 3. Bb5 a6 4. Ba4 Nf6 5. O-O Be7 6. Re1 b5 7. Bb3 d6 8. c3 O-O 9. d3 Na5 10. Bc2 c5 11. Nbd2 Re8 12. Nf1 h6 13. Ng3 Nc6 14. Bb3 Na5 15. Bc2 Nc6 16. Bb3 Na5 1/2-1/2

[Event "1st Lasker Memorial GM 2019"]
[Site "Anogia"]
[Date "2019.09.13"]
[Round "3.1"]
[White "Hristodoulou, Panagiotis"]
[Black "Avramidou, Anastasia"]
[Result "1/2-1/2"]
[ECO "B07"]
[WhiteElo "2280"]
[BlackElo "2249"]
[Annotator "NA"]
[PlyCount "83"]
[EventDate "2019.09.11"]
[EventType "tourn"]
[EventCountry "GRE"]
[SourceTitle "playchess.com"]
[Source "ChessBase"]
[SourceQuality "1"]
[TimeControl "40/5400+30:1800+30"]

1. e4 d6 2. d4 Nf6 3. Nc3 e5 4. Nge2 exd4 5. Nxd4 Be7 6. g3 O-O 7. Bg2 Re8 8. O-O Bf8 9. h3 c6 10. Re1 Nbd7 11. a4 a5 12. Bf4 Ne5 13. b3 g6 14. Qd2 Nh5 15. Bg5 f6 16. Bh6 Ng7 17. Rad1 Bd7 18. Kh2 Qc7 19. Be3 Rad8 20. f4 Nf7 21. Qf2 Rb8 22. g4 b6 23. Kh1 Qc8 24. Nf3 Qc7 25. Nd4 Qc8 26. Nf3 Qc7 27. Nd2 Ne6 28. f5 Nc5 29. fxg6 hxg6 30. Bd4 Ne5 31. Qxf6 Bg7 32. Qh4 Ne6 33. Be3 Rf8 34. Ne2 g5 35. Bxg5 Ng6 36. Qh5 Be8 37. Be3 Qe7 38. g5 Nef4 39. Nxf4 Nxf4 40. Qh4 Nxg2 41. Kxg2 Bg6 42. Rf1 1/2-1/2

[Event "1st Lasker Memorial GM 2019"]
[Site "Anogia"]
[Date "2019.09.13"]
[Round "3.2"]
[White "Delchev, Aleksander"]
[Black "Beerdsen, Thomas"]
[Result "1-0"]
[ECO "A80"]
[WhiteElo "2568"]
[BlackElo "2482"]
[Annotator "ChessBase"]
[PlyCount "81"]
[EventDate "2019.09.11"]
[EventType "tourn"]
[EventCountry "GRE"]
[SourceTitle "playchess.com"]
[Source "ChessBase"]
[SourceQuality "1"]
[TimeControl "40/5400+30:1800+30"]

1. d4 f5 2. Bg5 h6 3. Bh4 g5 4. e3 Nf6 5. Bg3 d6 6. h4 Rg8 7. hxg5 hxg5 8. Nc3 e6 9. Qd2 Qe7 10. f3 Nc6 11. O-O-O Bd7 12. e4 f4 13. Bf2 a6 14. Nge2 Bg7 15. g3 e5 16. gxf4 gxf4 17. dxe5 Nxe5 18. Nxf4 O-O-O 19. Qe3 c5 20. Be2 Bc6 21. Nfd5 Qf7 22. Bh4 Bxd5 23. exd5 Rde8 24. Qd2 Nh5 25. Ne4 Kc7 26. Bg5 Nxf3 27. Qa5+ b6 28. Qxa6 Ra8 29. Qb7+ Kxb7 30. Nxd6+ Kc7 31. Nxf7 Nxg5 32. d6+ Kd7 33. Bb5+ Kc8 34. d7+ Kc7 35. Nxg5 Bxb2+ 36. Kxb2 Rxg5 37. Rhe1 Rd8 38. Re6 Nf4 39. Rc6+ Kb7 40. Rdd6 Nd5 41. Rc8 1-0

[Event "1st Lasker Memorial GM 2019"]
[Site "Anogia"]
[Date "2019.09.13"]
[Round "3.4"]
[White "Colijn, Stefan"]
[Black "Nikolaidis, Ioannis"]
[Result "1/2-1/2"]
[ECO "D04"]
[WhiteElo "2329"]
[BlackElo "2530"]
[Annotator "ChessBase"]
[PlyCount "82"]
[EventDate "2019.09.11"]
[EventType "tourn"]
[EventCountry "GRE"]
[SourceTitle "playchess.com"]
[Source "ChessBase"]
[SourceQuality "1"]
[TimeControl "40/5400+30:1800+30"]

1. d4 Nf6 2. Nf3 d5 3. e3 c5 4. b3 cxd4 5. exd4 Nc6 6. c3 Bg4 7. h3 Bh5 8. Be2 e6 9. O-O Qc7 10. Nbd2 Bd6 11. Re1 Bg6 12. Bb2 h6 13. c4 O-O 14. c5 Bf4 15. a3 a5 16. Nf1 Qe7 17. Bd3 Ne4 18. Qc2 f5 19. Bc3 Bh5 20. Be2 Qf6 21. Rad1 g5 22. Ba1 g4 23. N3h2 Qg7 24. Rd3 Bg6 25. Bd1 h5 26. Kh1 Bh7 27. Qb2 Bc7 28. f3 g3 29. fxe4 fxe4 30. Rd2 gxh2 31. Bxh5 Rf6 32. Qc1 Bf4 33. Bg4 Qh6 34. Bc3 Raf8 35. Qd1 Bxd2 36. Bxd2 Qg7 37. Ng3 Bg6 38. Bg5 Rf5 39. Be3 R5f6 40. Bg5 Rf5 41. Be3 Qf6 1/2-1/2

[Event "1st Lasker Memorial GM 2019"]
[Site "Anogia"]
[Date "2019.09.13"]
[Round "3.5"]
[White "Alexakis, Georgios"]
[Black "Alexakis, Dimitrios"]
[Result "0-1"]
[ECO "A25"]
[WhiteElo "2175"]
[BlackElo "2077"]
[Annotator "NA"]
[PlyCount "62"]
[EventDate "2019.09.11"]
[EventType "tourn"]
[EventCountry "GRE"]
[SourceTitle "playchess.com"]
[Source "ChessBase"]
[SourceQuality "1"]
[TimeControl "40/5400+30:1800+30"]

1. c4 e5 2. g3 Nc6 3. Bg2 f5 4. Nc3 Nf6 5. d3 Be7 6. Nf3 O-O 7. O-O Qe8 8. e3 d6 9. a3 h6 10. b4 g5 11. b5 Nd8 12. a4 Ne6 13. Nd5 Bd8 14. Bb2 Nh5 15. e4 g4 16. Nd2 f4 17. Re1 c6 18. bxc6 bxc6 19. d4 cxd5 20. exd5 Ng5 21. Ne4 f3 22. Nxg5 Bxg5 23. dxe5 fxg2 24. exd6 Qf7 25. Re2 Bf5 26. c5 Rae8 27. Rxe8 Qxe8 28. c6 Nf6 29. d7 Nxd7 30. cxd7 Qxd7 31. Qd4 Bf6 0-1

[Event "1st Lasker Memorial GM 2019"]
[Site "Anogia"]
[Date "2019.09.14"]
[Round "4.1"]
[White "Avramidou, Anastasia"]
[Black "Bronstein, Or"]
[Result "1/2-1/2"]
[ECO "B31"]
[WhiteElo "2249"]
[BlackElo "2404"]
[Annotator "NA"]
[PlyCount "51"]
[EventDate "2019.09.11"]
[EventType "tourn"]
[EventCountry "GRE"]
[SourceTitle "playchess.com"]
[Source "ChessBase"]
[SourceQuality "1"]
[TimeControl "40/5400+30:1800+30"]

1. e4 c5 2. Be2 Nc6 3. f4 g6 4. Nf3 d5 5. d3 Nf6 6. e5 Nh5 7. O-O Bh6 8. Ne1 Ng7 9. c3 f6 10. Na3 O-O 11. Nf3 a6 12. Nc2 d4 13. Bd2 b6 14. Qe1 Qd7 15. Qh4 Nf5 16. Qh3 Bg7 17. g4 Ne3 18. Bxe3 dxe3 19. Nxe3 e6 20. exf6 Bxf6 21. Ng5 Bxg5 22. fxg5 Bb7 23. Rxf8+ Rxf8 24. Rf1 Rxf1+ 25. Qxf1 Ne5 26. Qf6 1/2-1/2

[Event "1st Lasker Memorial GM 2019"]
[Site "Anogia"]
[Date "2019.09.14"]
[Round "4.2"]
[White "Colijn, Stefan"]
[Black "Delchev, Aleksander"]
[Result "1-0"]
[ECO "B13"]
[WhiteElo "2329"]
[BlackElo "2568"]
[Annotator "ChessBase"]
[PlyCount "93"]
[EventDate "2019.09.11"]
[EventType "tourn"]
[EventCountry "GRE"]
[SourceTitle "playchess.com"]
[Source "ChessBase"]
[SourceQuality "1"]
[TimeControl "40/5400+30:1800+30"]

1. e4 c6 2. d4 d5 3. exd5 cxd5 4. Bd3 Nc6 5. c3 e6 6. Bf4 Bd6 7. Bxd6 Qxd6 8. Qg4 g6 9. Qg3 Qxg3 10. hxg3 Nf6 11. Nf3 Bd7 12. Nbd2 Ke7 13. Ne5 h5 14. f4 Rag8 15. Ndf3 Ne4 16. Bxe4 dxe4 17. Ng5 f6 18. Nxd7 fxg5 19. Nc5 h4 20. Nxe4 hxg3 21. O-O gxf4 22. Rxf4 e5 23. dxe5 Rf8 24. Rg4 Nxe5 25. Rxg3 Rf4 26. Re1 Rfh4 27. Nf2 Kd6 28. Rge3 R8h5 29. g3 Ra4 30. R1e2 Rf5 31. b3 Ra5 32. Kg2 Rd5 33. Re4 b5 34. a4 a6 35. axb5 axb5 36. Ra2 Kc7 37. g4 Rf6 38. Rae2 Nd3 39. Nxd3 Rxd3 40. R2e3 Rfd6 41. Kf3 Rd1 42. Kf4 Rb1 43. Rb4 Rd5 44. Re5 Rd3 45. Rc5+ Kd6 46. Rcxb5 Rxc3 47. Kg5 1-0

[Event "1st Lasker Memorial GM 2019"]
[Site "Anogia"]
[Date "2019.09.14"]
[Round "4.3"]
[White "Alexakis, Georgios"]
[Black "Hristodoulou, Panagiotis"]
[Result "0-1"]
[ECO "D00"]
[WhiteElo "2175"]
[BlackElo "2280"]
[Annotator "NA"]
[PlyCount "78"]
[EventDate "2019.09.11"]
[EventType "tourn"]
[EventCountry "GRE"]
[SourceTitle "playchess.com"]
[Source "ChessBase"]
[SourceQuality "1"]
[TimeControl "40/5400+30:1800+30"]

1. d4 d5 2. Bf4 c5 3. e3 Nc6 4. c3 Bf5 5. Nf3 Qb6 6. b3 Nf6 7. Nbd2 h6 8. h3 e6 9. Be2 cxd4 10. exd4 Ba3 11. g4 Bh7 12. g5 hxg5 13. Nxg5 Bf5 14. Ndf3 Bb2 15. Rc1 Bxc1 16. Qxc1 Rc8 17. Qe3 Ng4 18. hxg4 Rxh1+ 19. Kd2 Be4 20. Nxe4 dxe4 21. Qxe4 Qa5 22. a4 Qd5 23. Ng5 Rh4 24. Bc4 Qxe4 25. Nxe4 Rxg4 26. Ke3 Ke7 27. Be2 Rg1 28. Nd6 Rb8 29. Bf3 f6 30. Bh2 Rb1 31. b4 e5 32. dxe5 Nxe5 33. Bxe5 fxe5 34. Nb5 a6 35. Nc7 Kd6 36. Nd5 Rf8 37. Nb6 Rxf3+ 38. Kxf3 Rb3 39. Nc4+ Ke6 0-1

[Event "1st Lasker Memorial GM 2019"]
[Site "Anogia"]
[Date "2019.09.14"]
[Round "4.4"]
[White "Alexakis, Dimitrios"]
[Black "Beerdsen, Thomas"]
[Result "0-1"]
[ECO "B47"]
[WhiteElo "2077"]
[BlackElo "2482"]
[Annotator "ChessBase"]
[PlyCount "56"]
[EventDate "2019.09.11"]
[EventType "tourn"]
[EventCountry "GRE"]
[SourceTitle "playchess.com"]
[Source "ChessBase"]
[SourceQuality "1"]
[TimeControl "40/5400+30:1800+30"]

1. e4 c5 2. Nf3 e6 3. d4 cxd4 4. Nxd4 Nc6 5. Nc3 Qc7 6. Qd3 Nf6 7. Ndb5 Qb8 8. Qg3 d6 9. Be3 a6 10. Nd4 Be7 11. Be2 Bd7 12. f4 O-O 13. O-O-O b5 14. e5 dxe5 15. Nxc6 Bxc6 16. fxe5 Ne4 17. Nxe4 Bxe4 18. Bd3 Qb7 19. Bxe4 Qxe4 20. Rd4 Qf5 21. Rf4 Qh5 22. Rg4 g6 23. Re1 Rac8 24. c3 Qf5 25. Qf4 b4 26. c4 Rfd8 27. Re2 Rxc4+ 28. Qxc4 Qf1+ 0-1

[Event "1st Lasker Memorial GM 2019"]
[Site "Anogia"]
[Date "2019.09.14"]
[Round "4.5"]
[White "Nikolaidis, Ioannis"]
[Black "Rozentalis, Eduardas"]
[Result "1/2-1/2"]
[ECO "E18"]
[WhiteElo "2530"]
[BlackElo "2533"]
[Annotator "ChessBase"]
[PlyCount "29"]
[EventDate "2019.09.11"]
[EventType "tourn"]
[EventCountry "GRE"]
[SourceTitle "playchess.com"]
[Source "ChessBase"]
[SourceQuality "1"]
[TimeControl "40/5400+30:1800+30"]

1. Nf3 Nf6 2. c4 e6 3. d4 b6 4. g3 Bb7 5. Bg2 Be7 6. O-O O-O 7. Nc3 Ne4 8. Bd2 Bf6 9. Rc1 d6 10. d5 Bxc3 11. Bxc3 Nxc3 12. Rxc3 e5 13. Nd2 Nd7 14. f4 exf4 15. gxf4 1/2-1/2

[Event "1st Lasker Memorial GM 2019"]
[Site "Anogia"]
[Date "2019.09.15"]
[Round "5.1"]
[White "Rozentalis, Eduardas"]
[Black "Avramidou, Anastasia"]
[Result "1-0"]
[ECO "C07"]
[WhiteElo "2533"]
[BlackElo "2249"]
[Annotator "ChessBase"]
[PlyCount "107"]
[EventDate "2019.09.11"]
[EventType "tourn"]
[EventCountry "GRE"]
[SourceTitle "playchess.com"]
[Source "ChessBase"]
[SourceQuality "1"]
[TimeControl "40/5400+30:1800+30"]

1. e4 e6 2. d4 d5 3. Nd2 c5 4. Ngf3 cxd4 5. exd5 Qxd5 6. Bc4 Qd8 7. O-O Bd6 8. Ne4 Nc6 9. c3 Nf6 10. Nxf6+ Qxf6 11. cxd4 O-O 12. Bg5 Qg6 13. Re1 Qh5 14. h3 h6 15. Bd2 b6 16. Re4 Qf5 17. Bd3 Qf6 18. Bc3 Qd8 19. Bc2 Ne7 20. Qd3 f5 21. Ree1 Nd5 22. Bb3 Bc7 23. Bd2 Qd7 24. Ne5 Bxe5 25. Bxd5 Bh2+ 26. Kxh2 Qxd5 27. Re5 Qd7 28. Qg3 Rf6 29. d5 Bb7 30. Bc3 exd5 31. Bd4 f4 32. Qa3 Re6 33. Rae1 Rae8 34. Rxe6 Rxe6 35. Rxe6 Qxe6 36. Qxa7 Qe4 37. Qxb6 f3 38. g3 Bc8 39. Qa7 Bd7 40. Qb8+ Kh7 41. Qe5 Qxe5 42. Bxe5 h5 43. g4 hxg4 44. hxg4 Bxg4 45. Kg3 Bh5 46. a4 Be8 47. a5 Bb5 48. Kxf3 g5 49. Ke3 Bc4 50. Kd4 Kg6 51. b3 Bxb3 52. a6 Ba4 53. Kc5 Kf5 54. Bd4 1-0

[Event "1st Lasker Memorial GM 2019"]
[Site "Anogia"]
[Date "2019.09.15"]
[Round "5.2"]
[White "Beerdsen, Thomas"]
[Black "Nikolaidis, Ioannis"]
[Result "0-1"]
[ECO "B17"]
[WhiteElo "2482"]
[BlackElo "2530"]
[Annotator "ChessBase"]
[PlyCount "68"]
[EventDate "2019.09.11"]
[EventType "tourn"]
[EventCountry "GRE"]
[SourceTitle "playchess.com"]
[Source "ChessBase"]
[SourceQuality "1"]
[TimeControl "40/5400+30:1800+30"]

1. e4 c6 2. d4 d5 3. Nc3 dxe4 4. Nxe4 Nd7 5. Ng5 Ngf6 6. Bd3 e6 7. N1f3 h6 8. Nxe6 fxe6 9. Bg6+ Ke7 10. c4 Qc7 11. O-O Kd8 12. Re1 Bb4 13. Re2 Nf8 14. Bd3 Bd6 15. Ne5 Bxe5 16. Rxe5 Ke7 17. b3 Kf7 18. Bb2 Ng6 19. Qf3 Rd8 20. Bxg6+ Kxg6 21. g4 Kh7 22. g5 hxg5 23. Rxg5 Rh8 24. d5 Rf8 25. d6 Qf7 26. Be5 Kg8 27. Qg2 Bd7 28. Kh1 c5 29. Rg1 Bc6 30. f3 Ng4 31. Rxg7+ Qxg7 32. Bxg7 Rxf3 33. Be5 Kh7 34. Rd1 Nxe5 0-1

[Event "1st Lasker Memorial GM 2019"]
[Site "Anogia"]
[Date "2019.09.15"]
[Round "5.3"]
[White "Hristodoulou, Panagiotis"]
[Black "Alexakis, Dimitrios"]
[Result "1/2-1/2"]
[ECO "B06"]
[WhiteElo "2280"]
[BlackElo "2077"]
[Annotator "NA"]
[PlyCount "91"]
[EventDate "2019.09.11"]
[EventType "tourn"]
[EventCountry "GRE"]
[SourceTitle "playchess.com"]
[Source "ChessBase"]
[SourceQuality "1"]
[TimeControl "40/5400+30:1800+30"]

1. e4 g6 2. d4 Bg7 3. Nf3 c6 4. h3 d5 5. e5 f6 6. c4 Nh6 7. Nc3 Nf7 8. exf6 Bxf6 9. cxd5 cxd5 10. Qb3 e6 11. Be2 O-O 12. O-O Nc6 13. Be3 Nd6 14. Rad1 Kh8 15. Bd3 Bg7 16. Rfe1 Rxf3 17. gxf3 Bd7 18. Bf1 Qh4 19. Ne2 Rf8 20. Bg2 b6 21. Qd3 g5 22. b3 Be8 23. Rc1 Nf5 24. Red1 Bf6 25. a3 Rg8 26. Kf1 Qh6 27. b4 Nce7 28. b5 Nh4 29. a4 Nxg2 30. Kxg2 Bg6 31. Qc3 Bf5 32. Ng1 Ng6 33. Qc7 Qh5 34. Qg3 e5 35. Rc6 Nf4+ 36. Kh2 Qf7 37. Rxf6 Qxf6 38. dxe5 Qe7 39. e6 h6 40. Bxf4 gxf4 41. Qxf4 Qxe6 42. Ne2 Qxe2 43. Qxh6+ Bh7 44. Qf6+ Rg7 45. Qd8+ Bg8 46. Qh4+ 1/2-1/2

[Event "1st Lasker Memorial GM 2019"]
[Site "Anogia"]
[Date "2019.09.15"]
[Round "5.4"]
[White "Delchev, Aleksander"]
[Black "Alexakis, Georgios"]
[Result "1-0"]
[ECO "D46"]
[WhiteElo "2568"]
[BlackElo "2175"]
[Annotator "ChessBase"]
[PlyCount "63"]
[EventDate "2019.09.11"]
[EventType "tourn"]
[EventCountry "GRE"]
[SourceTitle "playchess.com"]
[Source "ChessBase"]
[SourceQuality "1"]
[TimeControl "40/5400+30:1800+30"]

1. d4 Nf6 2. Nf3 e6 3. c4 d5 4. Nc3 c6 5. e3 Bd6 6. Bd3 Nbd7 7. e4 dxe4 8. Nxe4 Nxe4 9. Bxe4 Nf6 10. Bc2 h6 11. O-O O-O 12. b3 b5 13. c5 Bc7 14. Bb2 a5 15. a3 Ba6 16. Re1 b4 17. axb4 axb4 18. Qd2 Bb5 19. Rxa8 Qxa8 20. Ra1 Qd8 21. Qxb4 Nd5 22. Qd2 Qf6 23. Be4 Rd8 24. g3 Qe7 25. Ra7 Rd7 26. Bd3 Bxd3 27. Qxd3 f6 28. Qa6 e5 29. dxe5 Qxc5 30. Ra8+ Kf7 31. Qe2 Qe7 32. e6+ {[%emt 0:02:05] Kxe6} 1-0

[Event "1st Lasker Memorial GM 2019"]
[Site "Anogia"]
[Date "2019.09.15"]
[Round "5.5"]
[White "Bronstein, Or"]
[Black "Colijn, Stefan"]
[Result "1/2-1/2"]
[ECO "E04"]
[WhiteElo "2404"]
[BlackElo "2329"]
[Annotator "NA"]
[PlyCount "47"]
[EventDate "2019.09.11"]
[EventType "tourn"]
[EventCountry "GRE"]
[SourceTitle "playchess.com"]
[Source "ChessBase"]
[SourceQuality "1"]
[TimeControl "40/5400+30:1800+30"]

1. d4 d5 2. c4 c6 3. Nf3 Nf6 4. g3 dxc4 5. Bg2 e6 6. a4 a5 7. Qc2 Bb4+ 8. Bd2 Qe7 9. Na3 Bxd2+ 10. Nxd2 e5 11. dxe5 Qxe5 12. Naxc4 Qc5 13. O-O Be6 14. Rac1 O-O 15. e4 Nbd7 16. Ne3 Qxc2 17. Rxc2 Nb6 18. f4 Ng4 19. Nxg4 Bxg4 20. Nb3 Nxa4 21. Ra1 Be6 22. Nd4 Nb6 23. f5 Bc4 24. b3 1/2-1/2

[Event "1st Lasker Memorial GM 2019"]
[Site "Anogia"]
[Date "2019.09.16"]
[Round "6.1"]
[White "Avramidou, Anastasia"]
[Black "Colijn, Stefan"]
[Result "0-1"]
[ECO "D13"]
[WhiteElo "2249"]
[BlackElo "2329"]
[Annotator "ChessBase"]
[PlyCount "104"]
[EventDate "2019.09.11"]
[EventType "tourn"]
[EventCountry "GRE"]
[SourceTitle "playchess.com"]
[Source "ChessBase"]
[SourceQuality "1"]
[TimeControl "40/5400+30:1800+30"]

1. Nf3 d5 2. d4 Nf6 3. c4 c6 4. cxd5 cxd5 5. Nc3 Nc6 6. Bf4 Nh5 7. Be5 f6 8. Bg3 e5 9. e3 Nxg3 10. hxg3 Be6 11. Bb5 e4 12. Nd2 Rc8 13. Qb3 Kf7 14. Rc1 Na5 15. Qa4 a6 16. Be2 b5 17. Qd1 Bd6 18. g4 Qd7 19. a3 Qe7 20. Rh5 g5 21. f3 exf3 22. Bxf3 Kg7 23. Kf2 Nc4 24. Nxc4 dxc4 25. Qc2 Bf7 26. Rh3 Bg6 27. Be4 Rce8 28. Bf5 Bxf5 29. Qxf5 Qe6 30. Rf3 h5 31. gxh5 Rxh5 32. Qxe6 Rxe6 33. Rf5 Bb8 34. a4 Kg6 35. Rc5 Rxe3 36. axb5 axb5 37. Kxe3 Bf4+ 38. Ke2 Bxc1 39. Rxb5 Rh4 40. Kd1 Be3 41. d5 Rd4+ 42. Ke2 Bf4 43. Rb6 g4 44. Rc6 Kf5 45. Kf1 g3 46. Re6 Be5 47. Ke2 Rd3 48. Nd1 Bf4 49. Rc6 Rd2+ 50. Ke1 Rxg2 51. Rxc4 Rg1+ 52. Ke2 Rxd1 0-1